[Event "*** Biggest EVER Titled Tuesday"]
[Site "Chess.com"]
[Date "2018.04.17"]
[Round "9"]
[White "Manukyan_Artak"]
[Black "Ginger_GM"]
[Result "0-1"]
[WhiteElo "2348"]
[BlackElo "2442"]
[TimeControl "180+2"]
[EndTime "15:06:30 PDT"]
[Termination "Ginger_GM won by resignation"]

1. e4 c5 2. Nf3 d6 3. Bb5+ Nc6 4. O-O Bd7 5. c3 Nf6 6. Re1 a6 7. Bxc6 Bxc6 8. e5 dxe5 9. Nxe5 Qc7 10. d4 cxd4 11. cxd4 e6 12. Bg5 Be7 13. Nc3 Rd8 14. Rc1 O-O 15. Nxc6 Qxc6 16. d5 Qb6 17. Qf3 Qxb2 18.
dxe6 fxe6 19. Rb1 Qa3 20. Rb3 Qc5 21. Qxb7 Rd7 22. Qxa6 Qxg5 23. Qxe6+ Kh8 24. h3 Bc5 25. Rf1 Rd2 26. Nd1 h5 27. Kh1 Rfd8 28. Rb1 Qg6 29. Ne3 Bxe3 30. Qxe3 Ne4 31. a4 Nxf2+ 32. Rxf2 Qxb1+ 33. Kh2 Rxf2 34. Qxf2 Qb8+ 35. Qg3 Qxg3+ 36. Kxg3 0-1

[Event "*** Biggest EVER Titled Tuesday"]
[Site "Chess.com"]
[Date "2018.04.17"]
[Round "9"]
[White "Nutflush"]
[Black "Cocaino74"]
[Result "0-1"]
[WhiteElo "2026"]
[BlackElo "2166"]
[TimeControl "180+2"]
[EndTime "15:06:31 PDT"]
[Termination "Cocaino74 won by checkmate"]

1. e4 c5 2. c3 Nf6 3. e5 Nd5 4. d4 cxd4 5. cxd4 d6 6. Nf3 Nc6 7. Bc4 Nb6 8. Bb3 dxe5 9. d5 Na5 10. Nc3 g6 11. Be3 Nxb3 12. Qxb3 Bg7 13. O-O O-O 14.
Rfe1 Nd7 15. Rad1 b6 16. d6 exd6 17. Rxd6 Qe7 18. Red1 e4 19. Bg5 Qe8 20. Nd2 Nc5 21. Qc2 Bf5 22. Be3 Rc8 23. Qb1 Be5 24. Rd5 Bb8 25.
Rxf5 gxf5 26. Bh6 Qe5 27. g3 Rfd8 28. Nf1 Nd3 29. Ne3 Qf6 30. Bf4 Bxf4 31. gxf4 Nxf4 32. Rxd8+ Rxd8 33. Qc2 Qg6+ 34. Kh1 Nh3 35. Ncd5 Qg1# 0-1

[Event "*** Biggest EVER Titled Tuesday"]
[Site "Chess.com"]
[Date "2018.04.17"]
[Round "9"]
[White "Korchmar_Vasiliy"]
[Black "Robert_Chessmood"]
[Result "1-0"]
[WhiteElo "2697"]
[BlackElo "2748"]
[TimeControl "180+2"]
[EndTime "15:06:46 PDT"]
[Termination "Korchmar_Vasiliy won by resignation"]

1. d4 Nf6 2. Nf3 d5 3. Bf4 Bf5 4. e3 e6 5. c4 Be7 6. Qb3 Nbd7 7. Nc3 dxc4 8. Bxc4 Nb6 9. Be2 O-O 10. O-O a5 11. a3 a4 12. Qd1 Nbd5 13. Nxd5 exd5 14. Ne5 c6 15. Rc1 Ne4 16. Bd3 Nd6 17. Nxc6 bxc6 18. Bxd6 Bxd6 19. Bxf5 Qb8 20. Rxc6 Bxh2+ 21. Kh1 g6 22. Bh3 Bd6 23. Qc2 Rd8 24. g3 Qb7 25. Bg2 Bf8 26. Rc7 Rac8 27. Qxg6+ hxg6 28. Rxb7 Rc2 29. Rb5 Kg7 30. Bxd5 Be7 31. Kg2 Bf6 32. b3 axb3 33.
Bxb3 Rb2 34. a4 Rc8 35. Rb7 Rf8 36. a5 Bg5 37. Kf3 Rxb3 38. Rxb3 Ra8 39. Ra1 Bf6 40.
a6 1-0

[Event "*** Biggest EVER Titled Tuesday"]
[Site "Chess.com"]
[Date "2018.04.17"]
[Round "9"]
[White "Raffael89"]
[Black "PawnEatingZombie"]
[Result "0-1"]
[WhiteElo "2112"]
[BlackElo "2039"]
[TimeControl "180+2"]
[EndTime "15:06:49 PDT"]
[Termination "PawnEatingZombie won by resignation"]

1. e4 c5 2. Nc3 Nc6 3. f4 g6 4. Nf3 Bg7 5. Bb5 Nd4 6. O-O e6 7. e5 Ne7 8. Nxd4 cxd4 9. Ne4 O-O 10. Nd6 f6 11. Qe2 fxe5 12. fxe5 Rxf1+ 13. Kxf1 Nf5 14. Nxf5 gxf5 15. d3 a6 16. Bc4 b5 17. Bb3 Bb7 18.
Bf4 Qc7 19. Kg1 Kh8 20. Rf1 Rg8 21. Rf2 Qc6 22. h3 Bf8 23. Kh2 a5 24. a3 a4 25.
Ba2 Be7 26. Bg3 b4 27. axb4 Bxb4 28. Bc4 Bf8 29. Bh4 Bg7 30. Bf6 Qc7 31. Kg1 Qb6 32.
c3 dxc3 33. bxc3 Bxf6 34. exf6 Rxg2+ 35. Kf1 Rxf2+ 36. Qxf2 Qxf2+ 37. Kxf2 Kg8 38. Ke3 Kf7 39. Kd4 d6 40. Bb5 a3 41. Bc4 Bd5 0-1

[Event "*** Biggest EVER Titled Tuesday"]
[Site "Chess.com"]
[Date "2018.04.17"]
[Round "9"]
[White "Journey_to_GrandMaster_YT"]
[Black "GMAkobianSTL"]
[Result "1/2-1/2"]
[WhiteElo "2394"]
[BlackElo "2654"]
[TimeControl "180+2"]
[EndTime "15:06:50 PDT"]
[Termination "Game drawn - insufficient material"]

1. d4 d5 2. Nf3 Nf6 3. c4 e6 4. Nc3 c5 5. cxd5 Nxd5 6. e4 Nxc3 7. bxc3 cxd4 8. cxd4 Bb4+ 9. Bd2 Bxd2+ 10. Qxd2 O-O 11. Bc4 b6 12. O-O Bb7 13. Rfe1 Nd7 14. d5 exd5 15. Bxd5 Bxd5 16. Qxd5 Nf6 17. Qf5 Qc8 18. Qf4 Qg4 19. Qxg4 Nxg4 20. h3 Nf6 21. e5 Nd5 22. Rad1 Rad8 23.
e6 fxe6 24. Rxe6 Nf6 25. Rxd8 Rxd8 26. Rc6 Rd1+ 27. Kh2 Kf8 28. a4 Ke7 29. a5 Rd6 30. Rc7+ Rd7 31. axb6 Rxc7 32. bxc7 Kd7 33. Kg3 a5 34.
Kf4 a4 35. Nd4 Kxc7 36. Ke5 Kb6 37. g4 Kc5 38. Nc2 Kc4 39. f4 Kc3 40. Na3 Kb3 41. Nb1 Nd7+ 42. Kd6 Nb6 43. f5 Nc4+ 44. Kd5 Ne3+ 45.
Ke4 Kb2 46. Kxe3 Kxb1 47. g5 a3 48. f6 gxf6 49. gxf6 a2 50. f7 a1=Q 51. f8=Q Qc3+ 52.
Kf2 Qxh3 53. Qb4+ Kc2 54. Qc4+ Kd2 55. Qd4+ Kc2 56. Qc4+ Kb2 57. Qb4+ Kc2 58. Qc4+ Kd2 59. Qd4+ Qd3 60. Qxd3+ Kxd3 61. Kg3 Ke4 62. Kh4 Kf5 63. Kh5 h6 64. Kxh6 1/2-1/2

[Event "*** Biggest EVER Titled Tuesday"]
[Site "Chess.com"]
[Date "2018.04.17"]
[Round "9"]
[White "GMVallejo"]
[Black "Saitama_Hero"]
[Result "1-0"]
[WhiteElo "2756"]
[BlackElo "2168"]
[TimeControl "180+2"]
[EndTime "15:06:54 PDT"]
[Termination "GMVallejo won by checkmate"]

1. e4 d6 2. d4 Nf6 3. Nc3 c6 4. f4 Qa5 5. e5 Ne4 6. Qf3 Nxc3 7. Bd2 h5 8. Bxc3 Qb6 9. Bd3 dxe5 10. fxe5 g6 11. Nh3 Bg4 12. Qf2 Bh6 13. O-O O-O 14.
Nf4 Na6 15. h3 Bd7 16. Qg3 c5 17. Nd5 Qe6 18. Rf6 exf6 19. Nxf6+ Kh8 20. d5 Qe7 21. Nxd7 Bg7 22. Nxf8 Rxf8 23. a3 Re8 24. Re1 Nb8 25. Bb5 Rf8 26. d6 Qe6 27. Qd3 a6 28. Bc4 Qd7 29.
e6 fxe6 30. Bxe6 Qd8 31. Qxg6 Bxc3 32. Qh6# 1-0

[Event "*** Biggest EVER Titled Tuesday"]
[Site "Chess.com"]
[Date "2018.04.17"]
[Round "9"]
[White "AbdAlAgathos"]
[Black "patzerplay"]
[Result "0-1"]
[WhiteElo "2344"]
[BlackElo "2318"]
[TimeControl "180+2"]
[EndTime "15:06:56 PDT"]
[Termination "patzerplay won by resignation"]

1. e4 c5 2. Nf3 d6 3. c3 Nf6 4. Be2 Nc6 5. d4 cxd4 6. cxd4 e6 7. Nc3 Be7 8. O-O O-O 9. h3 b6 10. Be3 Bb7 11. a3 Rc8 12. Rc1 Re8 13. Nd2 Bf8 14. f4 e5 15. fxe5 dxe5 16. d5 Nd4 17. Bc4 a6 18.
Ba2 b5 19. Qe1 Bc5 20. Kh2 Kh8 21. Bg5 Be7 22. Qh4 h6 23. d6 Qxd6 24. Bxf7 Rf8 25.
Ba2 Ng4+ 26. Qxg4 Bxg5 27. Rcd1 Bf4+ 28. Kh1 Qf6 29. Bd5 Bxd5 30. Nxd5 Qg5 31. Qxg5 Bxg5 32. Nf3 Nxf3 33. Rxf3 Rxf3 34. gxf3 Rc2 35. b4 Kh7 36. Rd3 Bh4 37. Ne3 Rf2 38. Nf5 Bf6 39. Rd6 Rxf3 40.
Kg2 Rxa3 41. Rb6 Ra4 42. Rxa6 Rxa6 0-1

[Event "*** Biggest EVER Titled Tuesday"]
[Site "Chess.com"]
[Date "2018.04.17"]
[Round "9"]
[White "champ2005"]
[Black "GMKrikor"]
[Result "0-1"]
[WhiteElo "2613"]
[BlackElo "2641"]
[TimeControl "180+2"]
[EndTime "15:07:09 PDT"]
[Termination "GMKrikor won by checkmate"]

1. e4 e5 2. Nf3 Nc6 3. Bc4 Bc5 4. O-O Nf6 5. d3 d6 6. c3 a5 7. a4 O-O 8. Bg5 h6 9. Bh4 g5 10. Bg3 Kg7 11. Na3 Nh7 12. Nc2 Ba7 13. Ne3 h5 14. h4 g4 15. Nd2 Ne7 16. Qe2 Ng6 17. Nb3 Nxh4 18. d4 Ng6 19. Nf5+ Bxf5 20. exf5 Nf4 21. Qe4 Ng5 22. Qxb7 h4 23. Bh2 Bb6 24. dxe5 dxe5 25.
Qc6 g3 26. Rad1 Qf6 27. Qxf6+ Kxf6 28. Kh1 gxh2 29. Kxh2 Rad8 30. Nd2 Kxf5 31. Kh1 Kg6 32. g3 hxg3 33. fxg3 Nd3 34. Bxd3+ Rxd3 35. Nc4 Rxg3 36. Nxe5+ Kg7 37. Kh2 Re3 38. Rde1 Rxe1 39. Rxe1 f6 40.
Kg2 fxe5 41. Rxe5 Rf2+ 42. Kg3 Kf6 43. Rb5 Ne4+ 44. Kg4 Nd6 45. Rh5 Rxb2 46. Rh6+ Ke5 47. Kf3 Rb3 48. Rh5+ Ke6 49. Ke2 Rxc3 50. Kd2 Rc4 51.
Kd3 Rxa4 52. Rh6+ Kd7 53. Rh5 Kc6 54. Kc2 Ra3 55. Kb2 Rf3 56. Ka2 a4 57. Rg5 Bc5 58. Rh5 Rf2+ 59. Kb1 Nb5 60. Rh4 a3 61. Rc4 Kd5 62. Rh4 Nc3+ 63. Kc1 Be3# 0-1

[Event "*** Biggest EVER Titled Tuesday"]
[Site "Chess.com"]
[Date "2018.04.17"]
[Round "9"]
[White "HarutyunianTigranK"]
[Black "Fighterman91"]
[Result "0-1"]
[WhiteElo "2673"]
[BlackElo "2605"]
[TimeControl "180+2"]
[EndTime "15:07:11 PDT"]
[Termination "Fighterman91 won by resignation"]

1. c4 Nf6 2. Nc3 d5 3. cxd5 Nxd5 4. g3 g6 5. Bg2 Nb6 6. d3 Bg7 7. Be3 O-O 8. Qd2 c6 9. Bh6 Bxh6 10.
Qxh6 Qd4 11. h4 Qg7 12. Qd2 Bg4 13. Nf3 Bxf3 14. Bxf3 h6 15. O-O N8d7 16. Rac1 Rad8 17. Ne4 Nd5 18. a3 h5 19. Rc2 Qe5 20. Rfc1 N5f6 21.
Ng5 Qd6 22. Qa5 a6 23. Rc3 Ne5 24. Bg2 Neg4 25. Rb3 Rd7 26. Qb6 Nd5 27. Qd4 e5 28. Qc5 Qb8 29. Ne4 Qd8 30. Bf3 Ngf6 31. Ng5 Re8 32. e4 Ne7 33. Qxe5 Nf5 34. Qf4 Nd4 35.
Rbc3 Nh7 36. Nxh7 Kxh7 37. Kg2 Kg7 38. Bd1 Qe7 39. Rc5 Ne6 40. R5c4 Nxf4+ 0-1

[Event "*** Biggest EVER Titled Tuesday"]
[Site "Chess.com"]
[Date "2018.04.17"]
[Round "9"]
[White "Kozok"]
[Black "StoreySniper"]
[Result "0-1"]
[WhiteElo "2206"]
[BlackElo "2245"]
[TimeControl "180+2"]
[EndTime "15:07:11 PDT"]
[Termination "StoreySniper won by resignation"]

1. e4 g6 2. d4 Bg7 3. Nc3 c5 4. dxc5 Bxc3+ 5. bxc3 Nf6 6. e5 Ne4 7. Qd4 Qa5 8. e6 f6 9. exd7+ Bxd7 10. Bb2 Nxc5 11.
Bc4 Nc6 12. Qe3 Na4 13. Rb1 Ne5 14. Bb3 Nxb2 15. Rxb2 Qa3 16. Rb1 Bc6 17. Nf3 Nxf3+ 18. gxf3 O-O-O 19. O-O e5 20. c4 Rd4 21. c3 Rf4 22. Rfd1 Rxf3 23. Qd2 Rf4 24. c5 Qxc5 25.
Be6+ Kb8 26. c4 f5 27. Bd5 Rd4 28. Qb2 Bxd5 29. cxd5 Qxd5 30. Rxd4 exd4 31. Rd1 Rd8 32. Rd3 a6 33. Qd2 Ka8 34. Qb4 Qd6 35. Qb3 Qd5 36. Qb4 f4 37. Rb3 f3 38. h4 g5 39. Qe7 gxh4 40. Rxb7 Rg8+ 41. Kh2 Qxb7 0-1

[Event "*** Biggest EVER Titled Tuesday"]
[Site "Chess.com"]
[Date "2018.04.17"]
[Round "9"]
[White "Alexander_Moskalenko"]
[Black "Fandorine"]
[Result "1-0"]
[WhiteElo "2738"]
[BlackElo "2706"]
[TimeControl "180+2"]
[EndTime "15:07:14 PDT"]
[Termination "Alexander_Moskalenko won by resignation"]

1. e4 g6 2. d4 Bg7 3. Nf3 d6 4.
c3 Nf6 5. Qc2 O-O 6. Be2 Nc6 7. O-O Nd7 8. Bg5 Qe8 9. Nbd2 e5 10.
dxe5 Ncxe5 11. Nxe5 Qxe5 12. Bh4 a5 13. Bg3 Qc5 14.
Kh1 a4 15. Rac1 b5 16. b4 axb3 17. axb3 Bb7 18. b4 Qb6 19. Nb3 Rfe8 20. f3 c5 21. Rb1 c4 22. Nd4 Bxd4 23. cxd4 d5 24. e5 Qxd4 25.
f4 Qb6 26. Rbd1 d4 27. Bf2 Qc6 28. Bf3 d3 29. Rxd3 cxd3 30. Qxc6 Bxc6 31. Bxc6 Rad8 32. Rd1 Re6 33. Bxb5 Nb6 34. Rxd3 Rxd3 35. Bxd3 Rc6 36. b5 Rc1+ 37. Bg1 Nd5 38. g3 Nb4 39. Be2 Re1 40.
Bf3 Rb1 41. b6 Nc2 42. b7 Na3 43. Be4 Rb2 44. Ba7 1-0

[Event "*** Biggest EVER Titled Tuesday"]
[Site "Chess.com"]
[Date "2018.04.17"]
[Round "9"]
[White "Triumphmate"]
[Black "guillembaches"]
[Result "1-0"]
[WhiteElo "2176"]
[BlackElo "2232"]
[TimeControl "180+2"]
[EndTime "15:07:23 PDT"]
[Termination "Triumphmate won on time"]

1. e4 c5 2. Nf3 d6 3. d4 cxd4 4.
Nxd4 Nf6 5. Nc3 Nc6 6. f4 g6 7.
Nf3 Bg7 8. Bd3 O-O 9. O-O Nd7 10. Kh1 Nc5 11. Bd2 Nxd3 12. cxd3 Nd4 13. Qe1 Nc2 14.
Qh4 Nxa1 15. Rxa1 e6 16. Qh3 b6 17. Rf1 f5 18. Ne2 Bb7 19. Ng5 h6 20. Nxe6 Qe7 21.
Nxf8 Rxf8 22. Ng3 Bxb2 23. exf5 Bc8 24. Qg4 Qg7 25. Qxg6 Bxf5 26. Qxd6 Bc8 27. f5 Be5 28. Qd5+ Kh8 29. Bxh6 Qxh6 30. Qxe5+ Kh7 31. Qc7+ Qg7 32. Qxg7+ Kxg7 33. f6+ Kf7 34. Ne4 Rd8 35. Ng5+ Kg6 36. f7 Rf8 37. h4 Bf5 38. d4 Rh8 39. g3 b5 40. d5 b4 41. d6 a5 42. d7 a4 43. Nh7 Kxf7 44. Rxf5+ Ke6 45. Nf8+ 1-0

[Event "*** Biggest EVER Titled Tuesday"]
[Site "Chess.com"]
[Date "2018.04.17"]
[Round "9"]
[White "DrStephenStrange"]
[Black "ChessQueen"]
[Result "0-1"]
[WhiteElo "2003"]
[BlackElo "2580"]
[TimeControl "180+2"]
[EndTime "15:07:24 PDT"]
[Termination "ChessQueen won on time"]

1. Nf3 Nf6 2. c4 e6 3. Nc3 d5 4. e3 b6 5. b3 Bb7 6. Bb2 Be7 7. d4 O-O 8. Bd3 c5 9. cxd5 Nxd5 10. O-O Nd7 11.
Nxd5 exd5 12. dxc5 bxc5 13. Qc2 g6 14. Rac1 Qb6 15. Rfd1 Rac8 16. Qb1 Rfd8 17. Qa1 a5 18. Ne5 Nf8 19. Ng4 d4 20. exd4 cxd4 21. Bc4 Ne6 22. Re1 Kg7 23. Ne5 Bd5 24. Bxd5 Rxc1 25. Qxc1 Rxd5 26.
Nf3 Bf6 27. Qd2 Qb4 28. Qxb4 axb4 29. Rd1 d3 30. Bxf6+ Kxf6 31. Ne1 Nc5 32. f3 Ke5 33. Kf2 Kd4 34. f4 Kc3 35. Ke3 d2 36. Nf3 Kb2 37.
Rxd2+ Rxd2 38. Kxd2 Kxa2 39. Kc2 Nxb3 40. Ne5 Nd4+ 41. Kd3 Ne6 42. Nxf7 b3 0-1

[Event "*** Biggest EVER Titled Tuesday"]
[Site "Chess.com"]
[Date "2018.04.17"]
[Round "9"]
[White "ZapataCharlesS"]
[Black "omer1997"]
[Result "1-0"]
[WhiteElo "2719"]
[BlackElo "2133"]
[TimeControl "180+2"]
[EndTime "15:07:25 PDT"]
[Termination "ZapataCharlesS won on time"]

1. e4 e5 2. Nf3 Nc6 3. d4 exd4 4. Bc4 Bc5 5. c3 Nf6 6. e5 d5 7. Bb5 Ne4 8. cxd4 Bb6 9. Be3 O-O 10. O-O Bg4 11.
Nc3 Bxf3 12. gxf3 Ng5 13. f4 Ne6 14. Bxc6 bxc6 15. f5 Nxd4 16. Bxd4 c5 17. Qg4 cxd4 18. f6 g6 19. Nb5 Qe8 20. Qf4 Kh8 21. Nxd4 c5 22. Nf3 Rg8 23. Qh6 g5 24. Nxg5 Rxg5+ 25.
Qxg5 Qg8 26. Qxg8+ Rxg8+ 27. Kh1 Re8 28. f4 c4 29.
Rac1 Rd8 30. Rfd1 h5 31. Kg2 Kh7 32. Kf3 Kg6 33. Rc2 Kf5 34. Rg2 d4 35. Rg5+ Ke6 36.
Ke4 d3 37. f5+ Kd7 38. Rg7 Kc6 39. Rxf7 Rd4+ 40. Kf3 Rd5 41. Re7 Bc5 42. Re6+ Kd7 43. f7 Bf8 44. Re8 Be7 45. e6+ Kd6 46. f8=Q Bxf8 47.
Rxf8 Rb5 48. b3 Ke5 49. e7 1-0

[Event "*** Biggest EVER Titled Tuesday"]
[Site "Chess.com"]
[Date "2018.04.17"]
[Round "9"]
[White "Shtembuliak"]
[Black "severomorskij"]
[Result "1-0"]
[WhiteElo "2668"]
[BlackElo "2679"]
[TimeControl "180+2"]
[EndTime "15:07:26 PDT"]
[Termination "Shtembuliak won on time"]

1. c4 e5 2. g3 c6 3. Nf3 e4 4. Nd4 d5 5. cxd5 Nf6 6. Bg2 Qxd5 7.
Nc2 Qh5 8. h3 Bd6 9. Nc3 Qg6 10.
Ne3 O-O 11. Qc2 Re8 12. b3 Na6 13. a3 Nc5 14. Bb2 Be6 15. b4 Nb3 16. Rd1 Nd4 17. Qb1 Bb3 18. Rc1 Bxg3 19. fxg3 Qxg3+ 20. Kf1 Nf3 21. Bxf3 exf3 22. Rg1 Qxh3+ 23. Kf2 Rxe3 24. dxe3 Qh2+ 25.
Kxf3 Qh5+ 26. Kf2 Qh4+ 27. Kf1 Qh3+ 28. Kf2 Qh4+ 29. Rg3 Nh5 30. Rg1 Nxg3 31. Rxg3 Qh2+ 32. Rg2 Qh4+ 33. Kg1 Re8 34. e4 Re6 35. Qf1 Rh6 36.
Nb1 Qh1+ 37. Kf2 Qh4+ 38. Kg1 Qh1+ 39. Kf2 Qh4+ 40. Ke3 Qh3+ 41. Qf3 1-0

[Event "*** Biggest EVER Titled Tuesday"]
[Site "Chess.com"]
[Date "2018.04.17"]
[Round "9"]
[White "TheCount"]
[Black "ChainsOfFantasia"]
[Result "1-0"]
[WhiteElo "2540"]
[BlackElo "2408"]
[TimeControl "180+2"]
[EndTime "15:07:27 PDT"]
[Termination "TheCount won by resignation"]

1. b3 e5 2. Bb2 Nc6 3. Nf3 e4 4. Nd4 Nxd4 5. Bxd4 d5 6. e3 c5 7. Bb2 Nf6 8. c4 d4 9. Na3 Be7 10. exd4 cxd4 11. Nc2 Bg4 12. Qc1 d3 13. Ne3 Bh5 14.
Qc3 O-O 15. g4 Bg6 16. h4 h5 17. g5 Ne8 18. Bg2 a5 19. Nd5 Bc5 20. f3 Qd6 21. O-O-O exf3 22. Bxf3 a4 23. b4 Bf2 24. Rdf1 Bg3 25. c5 Qb8 26. a3 Ra6 27. Nb6 Qc7 28.
Bd5 Kh7 29. Bc4 Rxb6 30. cxb6 Qxb6 31. Bxd3 Rg8 32. Bxg6+ Qxg6 33. Qxg3 Qe6 34. Qd3+ Kh8 35. Kb1 Nd6 36. Re1 Qd7 37. g6 f6 38. Qd5 Qf5+ 39.
Qxf5 Nxf5 40. Ref1 Ng3 41. Rhg1 Nxf1 42. Rxf1 Rd8 43. Bc3 b5 44. Rf5 Rd3 45. Rxb5 Rd8 46. Rxh5+ Kg8 47. b5 f5 48. Rxf5 Kh8 49. Rf7 Rb8 50.
Bxg7+ Kg8 51. Rf8+ 1-0

[Event "*** Biggest EVER Titled Tuesday"]
[Site "Chess.com"]
[Date "2018.04.17"]
[Round "9"]
[White "SilverCat1992"]
[Black "Kislov_Oleg"]
[Result "0-1"]
[WhiteElo "2069"]
[BlackElo "2258"]
[TimeControl "180+2"]
[EndTime "15:07:35 PDT"]
[Termination "Kislov_Oleg won by checkmate"]

1. e4 e6 2. d4 d5 3. Nc3 Nf6 4. Bg5 dxe4 5. Nxe4 Be7 6. Bxf6 gxf6 7. Bd3 b6 8. c3 Bb7 9. Nf3 c6 10. Qe2 Qc7 11.
a4 Nd7 12. a5 Rg8 13. a6 Bc8 14. Ng3 Nf8 15. O-O Bd7 16. Rfe1 O-O-O 17. Nf5 Bd6 18. Nxd6+ Qxd6 19. c4 Ng6 20. c5 bxc5 21. dxc5 Qc7 22. Qc2 Nf4 23. Bf1 e5 24. Rec1 Rg7 25.
b4 Nxg2 26. Bxg2 Bh3 27. Ne1 Rdg8 28. f3 Bxg2 29. Nxg2 Qd7 30. Kh1 Rxg2 31. Qxg2 Rxg2 32. Kxg2 Qd2+ 33. Kg3 Qxb4 34. Rg1 Qxc5 35. Kh3 Qd5 36. Rg8+ Kd7 37. Rg3 Ke6 38. Rb1 Qd3 39. Ra1 f5 40. f4 Qd4 41. Rb1 exf4 42. Rf3 Qe4 43. Rbf1 Ke5 44. Kh4 c5 45. Kg5 c4 46. Kh6 Qd4 47. h4 c3 48. R3f2 Qd6+ 49. Kxh7 Qg6+ 50. Kh8 Kf6 51. Rxf4 Qg7# 0-1

[Event "*** Biggest EVER Titled Tuesday"]
[Site "Chess.com"]
[Date "2018.04.17"]
[Round "9"]
[White "BlackBoarder"]
[Black "IMAghasiyevKamal"]
[Result "0-1"]
[WhiteElo "2220"]
[BlackElo "2489"]
[TimeControl "180+2"]
[EndTime "15:07:38 PDT"]
[Termination "IMAghasiyevKamal won by resignation"]

1. e4 c5 2. Nf3 d6 3. c3 Nf6 4. h3 Nc6 5. Bd3 e5 6. Bc2 Be7 7. O-O O-O 8. d4 cxd4 9. cxd4 exd4 10. Nxd4 Nxd4 11. Qxd4 Be6 12. Nc3 Rc8 13. Bf4 Qa5 14.
Bxd6 Rc4 15. Qe5 Qxe5 16. Bxe5 Nd7 17. Bg3 Bf6 18. Bb3 Rc6 19. Nd5 Nc5 20. Nxf6+ gxf6 21. Bxe6 fxe6 22. Rfe1 Nd3 23. Re2 Rfc8 24. Rd1 Rc1 25.
Rxc1 Rxc1+ 26. Kh2 Rc5 27. Rd2 Nc1 28. Rd8+ Kf7 29. Rd7+ Kg6 30. Rxb7 Nxa2 31. Rxa7 Nc1 32. b4 Rb5 33. Bd6 Nd3 34. Bf8 f5 35. exf5+ exf5 36. Rg7+ Kf6 37. Rxh7 Nxf2 38. Rc7 Ne4 39. Rc4 Ke5 40.
g4 f4 41. Bc5 Rb8 42. Kg2 f3+ 43. Kf1 Ra8 44. Bd4+ Kf4 45. Rc1 Ra2 46. b5 Ng3+ 47. Ke1 Ke4 48. Bc5 Rh2 49. b6 Kd3 50. Rb1 Rh1+ 51. Kf2 Ne4+ 52. Kxf3 Rxb1 53. Be3 Rf1+ 54.
Kg2 Ke2 55. b7 Rb1 56. Bf4 Rxb7 57. h4 Rf7 58. Be5 Rf2+ 59. Kh3 Kf3 60. h5 Rf1 61. Kh4 Rh1+ 0-1

[Event "*** Biggest EVER Titled Tuesday"]
[Site "Chess.com"]
[Date "2018.04.17"]
[Round "9"]
[White "djano"]
[Black "JosefineHeinemann"]
[Result "1-0"]
[WhiteElo "2438"]
[BlackElo "2369"]
[TimeControl "180+2"]
[EndTime "15:07:40 PDT"]
[Termination "djano won by resignation"]

1. d4 g6 2. e4 Bg7 3. f4 d6 4. Nc3 Nd7 5. e5 Nb6 6. Nf3 c6 7. Be3 Nh6 8. Qd2 Nf5 9. O-O-O Nxe3 10. Qxe3 O-O 11. h4 h5 12. Ng5 f6 13. Nf3 d5 14.
exf6 exf6 15. Bd3 Re8 16. Qf2 Bf5 17. Ne2 Nc4 18. Ng3 Bxd3 19. Rxd3 Qd6 20. f5 Re4 21. fxg6 Rae8 22. Nxe4 dxe4 23. Rc3 exf3 24. Rxc4 Qd5 25. b3 fxg2 26. Rg1 f5 27. Qxg2 Re1+ 28. Kd2 Rxg1 29. Qxg1 Bh6+ 30. Kc3 Qf3+ 31. Kb2 Bg7 32. Qe1 Qd5 33.
Qe8+ Bf8 34. Qe5 Qxe5 35. dxe5 Bg7 36. Rc5 Kf8 37. Kc3 Ke7 38. Kd4 Ke6 39. Ra5 a6 40. Ke3 Bh6+ 41. Kf3 Bg7 42. c3 Bh6 43. Rc5 Bg7 44.
a4 Bf8 45. b4 Bg7 46. b5 axb5 47. axb5 Bf8 48. bxc6 Bxc5 49. c7 1-0

[Event "*** Biggest EVER Titled Tuesday"]
[Site "Chess.com"]
[Date "2018.04.17"]
[Round "9"]
[White "lupta_robin"]
[Black "TST2014"]
[Result "1-0"]
[WhiteElo "2434"]
[BlackElo "2339"]
[TimeControl "180+2"]
[EndTime "15:07:47 PDT"]
[Termination "lupta_robin won on time"]

1. e4 c5 2. Nf3 Nc6 3. d4 cxd4 4. Nxd4 Nf6 5. Nc3 d6 6. Bg5 e6 7. Qd2 a6 8. O-O-O Bd7 9. f4 h6 10. Bh4 g5 11. fxg5 Ng4 12. h3 Nge5 13. Be2 Be7 14.
Rhf1 hxg5 15. Bg3 Qb6 16. Nxc6 Bxc6 17. Kb1 O-O-O 18. Bf2 Qc7 19. Bd4 f6 20. Qe3 Nd7 21. Qg1 b5 22. a3 Nc5 23. Bg4 Bd7 24. Qe3 Kb8 25. b4 Rdf8 26. Qd2 Nb7 27. Kb2 Rh4 28. Rf3 Nd8 29. Rdf1 Rh6 30. Ne2 Nc6 31. Rc3 Qb7 32.
Rf2 f5 33. exf5 exf5 34. Bf3 g4 35. Bd5 Rg6 36. Qe3 Bg5 37. Qd3 gxh3 38. gxh3 Bf6 39. Bxf6 Rfxf6 40. Nf4 Rg5 41. Re2 Ne5 42. Rxe5 dxe5 43.
Bxb7 exf4 44. Qxd7 f3 45. Rc8+ Ka7 46. Ba8+ 1-0

[Event "*** Biggest EVER Titled Tuesday"]
[Site "Chess.com"]
[Date "2018.04.17"]
[Round "9"]
[White "Konavets"]
[Black "Margency"]
[Result "0-1"]
[WhiteElo "2762"]
[BlackElo "2585"]
[TimeControl "180+2"]
[EndTime "15:07:50 PDT"]
[Termination "Margency won by resignation"]

1. d4 d5 2. Nf3 Nf6 3. Bf4 c5 4. e3 Nc6 5. Nbd2 Bf5 6. c3 e6 7. Qb3 Qb6 8. Qxb6 axb6 9. Be2 Be7 10. O-O h6 11. a3 c4 12. h3 b5 13. Ne5 Nd7 14. Nxd7 Kxd7 15. f3 Na7 16. e4 Bg6 17. g3 Nc8 18. Rfe1 Nb6 19. Bd1 Na4 20. Bxa4 bxa4 21.
Re2 Rhc8 22. Rae1 Bf8 23. g4 Ra5 24. Nf1 Rb5 25. h4 h5 26. g5 Rc6 27. Kg2 Rcb6 28. Bc1 Bd6 29. Ng3 Rb3 30. Nh1 R3b5 31. Nf2 Ra5 32. Nh3 Rab5 33. Ng1 Rb3 34. Nh3 R3b5 35. Nf2 Rb3 36. Nd1 R3b5 37. Kh3 Rb3 38. Kg2 R3b5 39. Rg1 Rb3 40. Kf2 R3b5 41. Ke1 Rb3 42. Kd2 R3b5 43. Kc2 e5 44. dxe5 dxe4 45. fxe4 Rxe5 46. Nf2 Bc5 47. Bf4 Rxe4 48. Nxe4 Bxg1 49. Kc1 Re6 50. Ng3 Rxe2 51. Nxe2 Bf2 52. Bg3 Be3+ 53. Kd1 Bd3 54. Nd4 f6 55.
gxf6 gxf6 56. Be1 f5 57. Bd2 f4 58. Nf3 Ke6 59. Nd4+ Ke5 60. Ke1 Ke4 61. Ne6 Kf5 62. Nc7 Kg4 63. Nd5 Bxd2+ 64. Kxd2 Kg3 65. Nf6 Bg6 0-1

[Event "*** Biggest EVER Titled Tuesday"]
[Site "Chess.com"]
[Date "2018.04.17"]
[Round "9"]
[White "Bryakin_Mikhail"]
[Black "Sam_ChessMood"]
[Result "1/2-1/2"]
[WhiteElo "2615"]
[BlackElo "2643"]
[TimeControl "180+2"]
[EndTime "15:07:50 PDT"]
[Termination "Game drawn by repetition"]

1. d4 Nf6 2. c4 e6 3. g3 Bb4+ 4. Bd2 Be7 5. Bg2 O-O 6. Nf3 d5 7. Qc2 Nbd7 8. O-O Ne4 9. Rd1 c6 10. Nc3 f5 11. Rac1 Bd6 12. Bf4 Bxf4 13. gxf4 Qe7 14. e3 a5 15. c5 Rf6 16. Kh1 Rh6 17. Rg1 Kh8 18. Nxe4 fxe4 19. Ng5 e5 20. Bxe4 dxe4 21.
Qc4 Rf6 22. dxe5 Rf5 23. Qxe4 Nxc5 24. Qc2 b6 25. Nf3 Be6 26. Nd4 Bd5+ 27. f3 Rh5 28. e4 Be6 29. Qg2 Rg8 30. f5 Bf7 31. Nxc6 Qh4 32.
Rcd1 Be8 33. Rd8 g6 34. Rd6 Qf4 35. fxg6 Rxg6 36. Rxg6 Bxg6 37. e6 Nd3 38. Ne7 Rxh2+ 39. Qxh2 Qxf3+ 40. Rg2 Qd1+ 41. Qg1 Qh5+ 42. Qh2 Qd1+ 43. Qg1 Qh5+ 44. Qh2 Qd1+ 45. Qg1 Qh5+ 46. Qh2 Qd1+ 47. Qg1 Qh5+ 48. Qh2 Qd1+ 1/2-1/2

[Event "*** Biggest EVER Titled Tuesday"]
[Site "Chess.com"]
[Date "2018.04.17"]
[Round "9"]
[White "bugsbunny444"]
[Black "nubair1198"]
[Result "1/2-1/2"]
[WhiteElo "2416"]
[BlackElo "2520"]
[TimeControl "180+2"]
[EndTime "15:07:53 PDT"]
[Termination "Game drawn by repetition"]

1. Nf3 d5 2. c4 d4 3. b4 c5 4.
g3 f6 5. Bg2 e5 6. O-O Nc6 7.
b5 Na5 8. d3 Bd6 9. Nbd2 a6 10.
a4 Ne7 11. Ne4 Bf5 12. Nxd6+ Qxd6 13. Bd2 Qd8 14. Ra3 O-O 15. Qe1 b6 16. Bxa5 bxa5 17.
Nh4 Rb8 18. Nxf5 Nxf5 19. Qd2 Nd6 20. Bd5+ Kh8 21. Rb1 f5 22. Rab3 axb5 23. axb5 e4 24. Ra3 a4 25. Rxa4 Nxb5 26. cxb5 Qxd5 27. Rc4 f4 28.
Qc2 e3 29. f3 Rf5 30. gxf4 Rb6 31. Kh1 Rh6 32. b6 Rfh5 33. Rxc5 Rxh2+ 34. Kg1 Rh1+ 35. Kg2 R1h2+ 36. Kg1 Rh1+ 37. Kg2 R6h2+ 38. Kg3 Rh3+ 39. Kg2 R1h2+ 40. Kg1 Qd8 41. Rc8 Rh1+ 42. Kg2 R1h2+ 43. Kg1 Rh1+ 44. Kg2 R1h2+ 45. Kg1 Rh1+ 46. Kg2 R1h2+ 47. Kg1 Rh1+ 48. Kg2 R1h2+ 49. Kg1 1/2-1/2